 Dungeon Crawl Stone Soup version 0.29.1-1-gd02db6906a (webtiles) character file.

Game seed: 4832003111926071432

238 Snarg the Vexing (level 6, -1/34 HPs)
             Began as a Kobold Arcane Marksman on Sept 30, 2022.
             Was a Follower of Fedhas.
             Slain by a black bear (2 damage)
             ... on level 5 of the Dungeon.
             The game lasted 00:22:07 (4094 turns).

Snarg the Vexing (Kobold Arcane Marksman)           Turns: 4094, Time: 00:22:07

Health: -1/34      AC:  4    Str:  7    XL:     6   Next: 28%
Magic:  6/7        EV: 16    Int: 14    God:    Fedhas [*.....]
Gold:   168        SH:  0    Dex: 18    Spells: 3/7 levels left

rFire   . . .      SeeInvis .   l - +0 short sword
rCold   . . .      Faith    .   (no shield)
rNeg    . . .      Spirit   .   c - +0 robe
rPois   .          Reflect  .   f - +1 helmet
rElec   .          Harm     .   (no cloak)
rCorr   .          Rampage  .   (no gloves)
Will    .....                   (no boots)
Stlth   ++++......              (no amulet)
HPRegen 0.11/turn               (no ring)
MPRegen 0.10/turn               (no ring)

@: brilliant
A: small, no large weapons, nightstalker 3
a: Renounce Religion


You were on level 5 of the Dungeon.
You worshipped Fedhas.
Fedhas was aware of your devotion.
You visited 1 branch of the dungeon, and saw 5 of its levels.

You collected 168 gold pieces.

Inventory:

Hand Weapons
 a - a +0 dagger
 b - a +1 shortbow of freezing
 l - a +0 short sword (weapon)
 n - a +1 sling
Missiles
 d - 67 stones
 o - 5 atropa-tipped darts
Armour
 c - a +0 robe (worn)
 f - a +1 helmet (worn)
Scrolls
 i - a scroll of poison
 p - a scroll of enchant armour
 w - 2 scrolls of torment
Potions
 h - a potion of might {unknown}
 j - a potion of heal wounds {unknown}
 q - a potion of magic
 s - a potion of degeneration {unknown}
 t - a potion of resistance {unknown}
 u - 2 potions of cancellation
 z - a potion of ambrosia
 A - a potion of invisibility {unknown}


   Skills:
 - Level 1.1 Fighting
 - Level 2.0 Short Blades
 + Level 3.9 Ranged Weapons
 + Level 3.3 Dodging
 + Level 4.3 Stealth
 - Level 1.1 Spellcasting
 + Level 4.3 Hexes
 - Level 1.0 Translocations


You had 3 spell levels left.
You knew the following spells:

 Your Spells              Type           Power      Damage    Failure   Level
a - Slow                  Hex            76%        N/A       4%          1
b - Portal Projectile     Hex/Tloc       24%        N/A       26%         3

Your spell library contained the following spells:

 Spells                   Type           Power      Damage    Failure   Level
 Inner Flame              Hex/Fire       10%        N/A       32%         3
 Sublimation of Blood     Necr           1%         N/A       36%         2
 Wereblood                Tmut           1%         N/A       36%         2
 Cause Fear               Hex            9%         N/A       41%         4
 Summon Hydra             Summ           0%         N/A       100%        7


Dungeon Overview and Level Annotations

Branches:
Dungeon (5/15)
 Temple: D:4-7

Altars:
Fedhas

Shops:
D:2 ?

Annotations:
D:1 cle
D:2 clr
D:3 clr, exclusion: 2 downstairs
D:4 exclusion: black bear


Innate Abilities, Weirdness & Mutations

You are small and have problems with some larger weapons.
You are completely attuned to the shadows.


Message History

Your +1 helmet unmelds from your body.
Your +0 robe unmelds from your body.
The black bear bites you but does no damage.
The black bear claws you.
The black bear claws you but does no damage.
Okay, then.
Unknown command.
Unknown command.
A black bear is nearby!
Unknown command.
Unknown command.
Blink to where?
Press: ? - help, Dir - move target, p - black bear
As you read the scroll of blinking, it crumbles to dust.
It was a potion of brilliance.
You feel clever all of a sudden. The black bear bites you!
* * * LOW HITPOINT WARNING * * *
The black bear barely misses you. The black bear completely misses you.
Unknown command.
Unknown command.
Okay, then.
Unknown command.
Okay, then.
Unknown command.
Unknown command.
Okay, then.
Unknown command.
Unknown command.
Casting: Slow (safe; 4% risk of failure)
Confirm with . or Enter, or press ? or * to list all spells.
Aiming: Slow (safe; 4% risk of failure)
Press: ? - help, Shift-Dir - straight line, f - black bear
Aim: a black bear (almost dead, berserk, chance to affect: 59%)
You feel a surge of power!
The black bear resists with significant effort.
The black bear completely misses you. The black bear claws you.
* * * LOW HITPOINT WARNING * * *
The black bear claws you.
You die...
Fedhas appreciates your contribution to the ecosystem.

♣...♣♣. #...♣♣
.#.♣. ...... .
... #...# #.#.#
#...# #.#<###.
#..@# #.......
#..h# ###.###.
#...#####§#
#.............
............###
###.######.##
#. #.# #


You could see a black bear (berserk).

Vanquished Creatures
  A scorpion (D:5)
  A hound (D:4)
  An iguana (D:5)
  6 adders
  3 dart slugs
  7 bats
  7 endoplasms
  4 giant cockroaches
  5 goblins
  2 hobgoblins
  3 jackals (D:1)
  3 kobolds
  6 quokkas
  9 ball pythons
  2 frilled lizards (D:3)
  7 rats
67 creatures vanquished.

Notes
Turn   | Place    | Note
-------+----------+-------------------------------------------
     0 | D:1      | Snarg the Kobold Arcane Marksman began the quest for the
                  | Orb.
     0 | D:1      | Reached XP level 1. HP: 12/12 MP: 2/2
    92 | D:1      | Reached XP level 2. HP: 16/16 MP: 0/3
   624 | D:1      | Reached XP level 3. HP: 20/20 MP: 2/4
   628 | D:1      | Learned a level 3 spell: Portal Projectile
  1624 | D:2      | Reached XP level 4. HP: 15/25 MP: 5/5
  1846 | D:2      | Reached skill level 1 in Short Blades
  1846 | D:2      | Reached skill level 1 in Translocations
  2120 | D:2      | Found a faded altar of an unknown god.
  2180 | D:2      | Prayed at the altar of an unknown god.
  2180 | D:2      | Became a worshipper of Fedhas Madash
  2180 | D:2      | Reached * piety under Fedhas
  2251 | D:2      | Reached skill level 1 in Stealth
  2353 | D:2      | Found Qaek's Magic Scroll Shoppe.
  2809 | D:3      | Reached XP level 5. HP: 24/29 MP: 6/6
  3393 | D:4      | Noticed a black bear
  3463 | D:4      | Noticed an ogre
  3582 | D:4      | Noticed a black bear
  3585 | D:4      | Noticed an ogre
  3763 | D:4      | Identified a scroll of acquirement
  3763 | D:4      | Acquired a +1 shortbow of freezing
  3835 | D:5      | Entered Level 5 of the Dungeon
  3848 | D:5      | Reached XP level 6. HP: 34/34 MP: 7/7
  4094 | D:5      | HP: 1/34 [black bear (3)]
  4094 | D:5      | Slain by a black bear

Illustrated notes

Levels and vault maps discovered:
D:1:      minmay_arrival_shattered_statue, layout_rooms, minmay_close_crescents
D:2:      layout_rooms, nicolae_ecumenical_snake_handling, serial_shops,
          nicolae_diamond_shop, minivault_11
D:3:      layout_basic
D:4:      minmay_clustersquares, layout_rooms
D:5:      wad_woods_pond, layout_basic, sigmund_army, uniq_pikel, uniq_edmund,
          uniq_menkaure

Skill      XL: |  1  2  3  4  5 |
---------------+----------------+-----
Ranged Weapons | 3 |  3.9
Short Blades   | 2 |  2.0
Translocations | 1 |  1.0
Stealth        | 1 4 |  4.3
Dodging        | 3 |  3.3
Hexes          | 4 |  4.3
Fighting       | |  1.1
Spellcasting   | |  1.1

Action                   |  1- 3 |  4- 6 || total
-------------------------+-------+-------++-------
Melee: Dagger            |    66 |   122 ||   188
       Short sword       |    10 |    33 ||    43
 Fire: Sling             |    65 |     8 ||    73
       Shortbow          |       |     3 ||     3
 Cast: Slow              |    40 |    30 ||    70
  Use: Scroll            |     1 |    11 ||    12
       Potion            |       |     5 ||     5
 Stab: Sleeping          |     4 |    15 ||    19
Armor: Robe              |    15 |    31 ||    46
       Skin              |       |    36 ||    36
Dodge: Dodged            |    96 |   119 ||   215
